[ AOE2 MATCH · #506242617 ]
UnrankedKoreans vs Turks
Player's team · WIN
Rival team · LOSS
[ REPLAY ANALYSIS · EXTRACTED FROM THE RECORDED GAME ]
Feudal
—
Castle
—
Imperial
—
| APM avg | 24.1 |
| APM peak | 49 |
| eAPM avg | 14.9 |
| Villagers / military | 50 / 4 |
Focus
⚔️ 24.5% · 🌾 75.5%
Spearman ×2 · Turtle Ship ×2
Feudal
—
Castle
—
Imperial
—
| APM avg | 22.6 |
| APM peak | 41 |
| eAPM avg | 13.0 |
| Villagers / military | 57 / 12 |
Focus
⚔️ 12.0% · 🌾 88.0%
Scout Cavalry ×8 · Mangonel ×2 · Scorpion ×2
Match map
Initial resources + every placement click. Lines = walls · curves = elevation contours. ◆ gold · ⬟ stone · ● berries · ✦ relic · ◌ wall gap
Your base· ✓ Closed at 19:35 · 17t walls · 1 gate(s)
fidelon33's base· ✓ Closed at 19:41 · 13t walls · 1 gate(s)
Smoothed initial terrain · ◌ = detected wall gap · hover for details
Inputs per minute
— Post Nut Clarity - - fidelon33
Build order — Post Nut Clarity
113 actions detected in the replay
| 0:00 | Queue | Villager (Male) |
| 0:02 | Build | House |
| 0:03 | Build | House |
| 0:24 | Queue | Villager (Male) |
| 0:25 | Queue | Villager (Male) |
| 0:25 | Queue | Villager (Male) |
| 0:25 | Queue | Villager (Male) |
| 0:36 | Research | Loom |
| 0:37 | Queue | Villager (Male) |
| 0:37 | Queue | Villager (Male) |
| 0:37 | Queue | Villager (Male) |
| 1:15 | Build | Palisade Wall |
| 1:37 | Queue | Villager (Male) |
| 1:52 | Build | Palisade Wall |
| 2:19 | Queue | Villager (Male) |
| 2:35 | Build | Palisade Wall |
| 2:58 | Queue | Villager (Male) |
| 3:02 | Build | House |
| 3:05 | Queue | Villager (Male) |
| 3:56 | Queue | Villager (Male) |
| 3:56 | Queue | Villager (Male) |
| 3:56 | Queue | Villager (Male) |
| 4:24 | Build | Palisade Wall |
| 4:31 | Queue | Villager (Male) |
| 5:03 | Queue | Villager (Male) |
| 5:14 | Build | Mill |
| 5:36 | Queue | Villager (Male) |
| 5:44 | Queue | Villager (Male) |
| 5:56 | Queue | Villager (Male) |
| 5:58 | Build | House |
| 5:59 | Build | House |
| 6:32 | Build | Palisade Wall |
| 6:47 | Queue | Villager (Male) |
| 6:50 | Queue | Villager (Male) |
| 7:13 | Queue | Villager (Male) |
| 7:16 | Queue | Villager (Male) |
| 8:30 | Queue | Villager (Male) |
| 8:37 | Build | Mill |
| 9:05 | Queue | Villager (Male) |
| 9:17 | Build | Lumber Camp |
| 9:23 | Queue | Villager (Male) |
| 9:47 | Research | Feudal Age |
| 9:58 | Build | Mining Camp |
| 10:11 | Build | House |
| 10:12 | Build | House |
| 11:03 | Build | House |
| 11:04 | Build | House |
| 11:19 | Queue | Villager (Male) |
| 11:19 | Queue | Villager (Male) |
| 12:00 | Build | Barracks |
| 12:10 | Research | Double-Bit Axe |
| 12:12 | Queue | Villager (Male) |
| 12:21 | Build | Mining Camp |
| 12:31 | Queue | Villager (Male) |
| 12:49 | Build | Watch Tower |
| 13:04 | Queue | Villager (Male) |
| 13:08 | Build | Blacksmith |
| 13:24 | Queue | Villager (Male) |
| 13:46 | Research | Wheelbarrow |
| 13:49 | Research | Town Watch |
| 13:51 | Research | Fletching |
| 13:54 | Queue | Villager (Male) |
| 13:54 | Queue | Villager (Male) |
| 13:55 | Queue | Villager (Male) |
| 14:10 | Build | Dock |
| 14:30 | Build | Lumber Camp |
| 14:37 | Research | Horse Collar |
| 14:40 | Build | Farm |
| 14:59 | Queue | Villager (Male) |
| 15:01 | Queue | Villager (Male) |
| 15:11 | Build | Farm |
| 15:13 | Queue | Villager (Male) |
| 15:37 | Build | Archery Range |
| 15:56 | Queue | Villager (Male) |
| 15:57 | Build | Farm |
| 15:59 | Build | Farm |
| 16:00 | Queue | Villager (Male) |
| 16:33 | Build | Farm |
| 16:34 | Queue | Villager (Male) |
| 16:47 | Build | Market |
| 16:49 | Build | Farm |
| 16:50 | Queue | Villager (Male) |
| 16:59 | Build | Stone Wall |
| 17:32 | Queue | Spearman |
| 17:33 | Queue | Spearman |
| 17:34 | Queue | Villager (Male) |
| 17:35 | Build | Farm |
| 17:38 | Build | Farm |
| 17:39 | Queue | Villager (Male) |
| 17:49 | Build | Stone Wall |
| 18:29 | Queue | Villager (Male) |
| 18:31 | Build | Farm |
| 18:33 | Build | Farm |
| 18:35 | Queue | Villager (Male) |
| 18:55 | Build | Gate |
| 19:03 | Build | Watch Tower |
| 19:17 | Queue | Villager (Male) |
| 19:20 | Build | Mining Camp |
| 19:35 | Research | Castle Age |
| 19:36 | Research | Castle Age |
| 20:09 | Research | Gold Mining |
| 20:20 | Research | Stone Mining |
| 21:36 | Queue | Villager (Male) |
| 22:29 | Queue | Villager (Male) |
| 22:32 | Build | University |
| 22:35 | Research | Bodkin Arrow |
| 22:53 | Research | Wheelbarrow |
| 23:25 | Build | Watch Tower |
| 23:33 | Research | Treadmill Crane |
| 23:35 | Research | Ballistics |
| 23:58 | Queue | Turtle Ship |
| 24:28 | Research | Hand Cart |
| 24:59 | Queue | Turtle Ship |
Build order — fidelon33
125 actions detected in the replay
| 0:01 | Queue | Villager (Male) |
| 0:01 | Queue | Villager (Male) |
| 0:02 | Queue | Villager (Male) |
| 0:02 | Queue | Villager (Male) |
| 0:03 | Build | House |
| 0:05 | Build | House |
| 1:42 | Queue | Villager (Male) |
| 1:42 | Queue | Villager (Male) |
| 1:43 | Queue | Villager (Male) |
| 2:07 | Queue | Villager (Male) |
| 2:07 | Queue | Villager (Male) |
| 2:08 | Queue | Villager (Male) |
| 2:45 | Queue | Villager (Male) |
| 2:45 | Queue | Villager (Male) |
| 3:12 | Queue | Villager (Male) |
| 3:12 | Queue | Villager (Male) |
| 3:12 | Queue | Villager (Male) |
| 3:37 | Queue | Villager (Male) |
| 3:37 | Queue | Villager (Male) |
| 3:38 | Queue | Villager (Male) |
| 4:20 | Queue | Villager (Male) |
| 4:20 | Queue | Villager (Male) |
| 4:20 | Queue | Villager (Male) |
| 4:22 | Research | Loom |
| 4:50 | Queue | Villager (Male) |
| 4:50 | Queue | Villager (Male) |
| 5:30 | Queue | Villager (Male) |
| 5:30 | Queue | Villager (Male) |
| 5:31 | Queue | Villager (Male) |
| 6:05 | Queue | Villager (Male) |
| 6:05 | Queue | Villager (Male) |
| 6:16 | Build | House |
| 6:29 | Build | House |
| 6:40 | Queue | Villager (Male) |
| 6:40 | Queue | Villager (Male) |
| 6:50 | Build | House |
| 6:53 | Build | House |
| 7:11 | Build | Palisade Wall |
| 7:36 | Queue | Villager (Male) |
| 7:36 | Queue | Villager (Male) |
| 7:36 | Queue | Villager (Male) |
| 7:37 | Queue | Villager (Male) |
| 7:37 | Queue | Villager (Male) |
| 7:52 | Build | Palisade Wall |
| 8:01 | Build | Palisade Wall |
| 8:06 | Build | Palisade Wall |
| 8:09 | Build | Palisade Wall |
| 8:17 | Build | Mill |
| 8:31 | Build | Mill |
| 8:42 | Queue | Villager (Male) |
| 9:08 | Build | Farm |
| 9:10 | Build | Farm |
| 9:15 | Queue | Villager (Male) |
| 9:43 | Queue | Villager (Male) |
| 10:25 | Queue | Villager (Male) |
| 10:42 | Queue | Villager (Male) |
| 10:57 | Build | Lumber Camp |
| 11:17 | Research | Feudal Age |
| 11:17 | Research | Feudal Age |
| 11:17 | Research | Feudal Age |
| 11:51 | Build | Farm |
| 12:23 | Build | Mining Camp |
| 12:57 | Build | Barracks |
| 13:29 | Queue | Villager (Male) |
| 13:39 | Build | Watch Tower |
| 13:41 | Queue | Villager (Male) |
| 13:57 | Build | Stable |
| 13:59 | Queue | Villager (Male) |
| 14:11 | Build | Farm |
| 14:14 | Build | Farm |
| 14:30 | Queue | Villager (Male) |
| 14:33 | Build | Farm |
| 14:36 | Build | Farm |
| 14:41 | Build | Farm |
| 14:55 | Queue | Villager (Male) |
| 15:00 | Build | House |
| 15:04 | Queue | Scout Cavalry |
| 15:05 | Queue | Scout Cavalry |
| 15:15 | Research | Town Watch |
| 15:18 | Build | House |
| 15:20 | Build | House |
| 15:36 | Build | Palisade Gate |
| 15:48 | Queue | Scout Cavalry |
| 15:56 | Queue | Villager (Male) |
| 15:56 | Queue | Villager (Male) |
| 16:04 | Build | Farm |
| 16:05 | Build | Farm |
| 16:11 | Build | Farm |
| 16:12 | Build | Farm |
| 16:13 | Build | Farm |
| 16:20 | Queue | Villager (Male) |
| 16:30 | Build | Farm |
| 16:35 | Queue | Villager (Male) |
| 17:03 | Queue | Scout Cavalry |
| 17:03 | Queue | Scout Cavalry |
| 17:03 | Queue | Scout Cavalry |
| 17:29 | Queue | Scout Cavalry |
| 17:34 | Queue | Villager (Male) |
| 18:38 | Build | Market |
| 18:45 | Build | Farm |
| 19:22 | Queue | Villager (Male) |
| 19:41 | Research | Castle Age |
| 19:42 | Research | Castle Age |
| 20:12 | Research | Double-Bit Axe |
| 21:18 | Queue | Scout Cavalry |
| 22:33 | Build | Blacksmith |
| 22:39 | Build | House |
| 22:42 | Queue | Villager (Male) |
| 22:44 | Queue | Villager (Male) |
| 22:46 | Research | Bow Saw |
| 22:48 | Research | Gold Mining |
| 23:13 | Build | Farm |
| 23:15 | Build | Siege Workshop |
| 23:18 | Build | Siege Workshop |
| 23:19 | Queue | Villager (Male) |
| 23:22 | Research | Wheelbarrow |
| 23:34 | Build | Mining Camp |
| 23:59 | Queue | Villager (Male) |
| 24:00 | Queue | Villager (Male) |
| 24:00 | Queue | Villager (Male) |
| 24:05 | Queue | Mangonel |
| 24:09 | Queue | Mangonel |
| 24:12 | Queue | Scorpion |
| 24:13 | Queue | Scorpion |
| 24:40 | Build | Mining Camp |
Match timeline
| 1:15 | Post Nut Clarity · wall_segment Palisade Wall x4 |
| 1:52 | Post Nut Clarity · wall_segment Palisade Wall x2 |
| 2:35 | Post Nut Clarity · wall_segment Palisade Wall x8 |
| 4:24 | Post Nut Clarity · wall_segment Palisade Wall x1 |
| 6:32 | Post Nut Clarity · wall_segment Palisade Wall x2 |
| 7:11 | fidelon33 · wall_segment Palisade Wall x5 |
| 7:52 | fidelon33 · wall_segment Palisade Wall x6 |
| 8:01 | fidelon33 · wall_segment Palisade Wall x1 |
| 8:06 | fidelon33 · wall_segment Palisade Wall x1 |
| 8:09 | fidelon33 · wall_segment Palisade Wall x1 |
| 12:00 | Post Nut Clarity · first_building Barracks |
| 12:57 | fidelon33 · first_building Barracks |
| 13:57 | fidelon33 · first_building Stable |
| 14:10 | Post Nut Clarity · first_building Dock |
| 15:37 | Post Nut Clarity · first_building Archery Range |
| 16:59 | Post Nut Clarity · wall_segment Stone Wall x1 |
| 17:49 | Post Nut Clarity · wall_segment Stone Wall x1 |
| 18:45 | Post Nut Clarity · first_market_buy 100 stone |
| 19:25 | Post Nut Clarity · first_market_sell 100 wood |
| 19:35 | fidelon33 · first_market_buy 100 food |
| 23:15 | fidelon33 · first_building Siege Workshop |
| 25:12 | fidelon33 · resign |
[ AI ANALYSIS · 1 CREDIT ]
What really happened in this match?
Wolo.gg analyzes every decision: build order, eco, micro, common mistakes by bracket. Personalized analysis on WhatsApp or Discord in 30 seconds.
Civ guide
Koreans
Perfil
Jugador #2740170